 Dungeon Crawl Stone Soup version 0.29.1-15-g9cfb28693d (webtiles) character file.

Game seed: 16528157481129033642

123018 vishdafish the Devastator (level 16, -3/89 (96) HPs)
             Began as a Demonspawn Conjurer on Mar 29, 2023.
             Was the Champion of Vehumet.
             Slain by a spectral fenstrider witch (11 damage)
             ... called from beyond by a ghost crab
             ... on level 2 of the Swamp.
             The game lasted 01:13:47 (28300 turns).

vishdafish the Devastator (Demonspawn Conjurer)    Turns: 28300, Time: 01:13:47

HP:   -3/89 (96)    AC: 12    Str:  2    XL:     16   Next: 36%
MP:   24/40         EV: 16    Int: 29    God:    Vehumet [******]
Gold: 2713          SH:  0    Dex: 13    Spells: 20/38 levels left

rFire   . . .      SeeInvis .   C - staff of conjuration
rCold   . . .      Faith    .   (no shield)
rNeg    . . .      Spirit   .   h - +2 robe {Will+}
rPois   .          Reflect  .   S - +2 helmet of the Skies Above {+Inv Will++ Str-5 Int+2}
rElec   .          Harm     .   t - +2 cloak {Will+}
rCorr   .          Rampage  .   (gloves unavailable)
Will    +++++                   (no boots)
Stlth   +.........              K - amulet of magic regeneration
HPRegen 1.24/turn               q - +4 ring of evasion
MPRegen 0.67/turn               d - ring of magical power

@: mighty, drained, very slow
A: claws 3, icy blue scales 1, powered by death 3, powered by pain 1
a: Renounce Religion, Evoke Invisibility


You were on level 2 of the Swamp.
You worshipped Vehumet.
Vehumet was exalted by your worship.
You visited 6 branches of the dungeon, and saw 27 of its levels.
You also visited: Gauntlet.

You collected 3069 gold pieces.
You spent 356 gold pieces at shops.

Inventory:

Hand Weapons
 R - the +6 dagger of Defence by Offence {pain, rElec Str+4 Dex+4}
   (You found it on level 1 of the Orcish Mines)

   In the hands of one skilled in necromantic magic, it inflicts extra damage on
   living creatures.
   Str:       It affects your strength (+4).
   Dex:       It affects your dexterity (+4).
   rElec:     It insulates you from electricity.
Missiles
 y - 11 javelins
 P - a throwing net
Armour
 c - an orb of energy
 h - a +2 robe of willpower (worn)
 t - a +2 cloak of willpower (worn)
 S - the +2 helmet of the Skies Above (worn) {+Inv Will++ Str-5 Int+2}
   (You found it in a Gauntlet)

   Str:       It affects your strength (-5).
   Int:       It affects your intelligence (+2).
   +Inv:      It lets you turn invisible.
   Will:      It greatly increases your willpower.
Magical Staves
 C - a staff of conjuration (weapon)
Jewellery
 a - the ring "Amumur" {Wiz rC+ Dex+4}
   (You took it off a minotaur in a Gauntlet)

   [ring of wizardry]

   It improves your spell success rate.
   Dex:       It affects your dexterity (+4).
   rC:        It protects you from cold.
 d - a ring of magical power (right claw)
 q - a +4 ring of evasion (left claw)
 v - an amulet of reflection
 K - an amulet of magic regeneration (around neck)
 N - a +4 ring of protection
Wands
 b - a wand of digging (16)
 F - a wand of roots (30)
 G - a wand of polymorph (13)
 I - a wand of charming (16)
 L - a wand of light (13)
 W - a wand of flame (15)
Scrolls
 e - 4 scrolls of vulnerability
 i - 4 scrolls of amnesia
 l - 4 scrolls of immolation
 m - 2 scrolls of enchant weapon
 n - a scroll of silence
 o - 4 scrolls of blinking
 p - 4 scrolls of noise
 r - 5 scrolls of enchant armour
 z - 6 scrolls of fear
 A - 2 scrolls of magic mapping
 D - 2 scrolls of butterflies
 J - a scroll of brand weapon
 O - 6 scrolls of identify
 T - 4 scrolls of teleportation
Potions
 f - 6 potions of flight
 g - 8 potions of curing
 j - 8 potions of attraction
 k - 5 potions of haste
 s - 4 potions of degeneration
 u - 3 potions of might
 w - 5 potions of ambrosia
 x - 2 potions of brilliance
 B - 3 potions of invisibility {unknown}
 E - a potion of experience {unknown}
 H - 10 potions of heal wounds {unknown}
 M - 2 potions of cancellation {unknown}
 Q - 3 potions of magic
 U - a potion of berserk rage {unknown}
 X - 3 potions of mutation {unknown}
 Y - 2 potions of lignification {unknown}
 Z - 2 potions of resistance {unknown}
Miscellaneous
 V - a phial of floods


   Skills:
 - Level 1.7 Dodging
 - Level 1.7 Stealth
 + Level 11.9 Spellcasting
 - Level 20.5 Conjurations
 + Level 16.5 Earth Magic


You had 20 spell levels left.
You knew the following spells:

 Your Spells              Type           Power      Damage    Failure   Level
a - Magic Dart            Conj           100%       1d8       0%          1
b - Fulminant Prism       Conj/Hex       43%        3d20      1%          4
c - Iskenderun's Mystic   Conj/Tloc      86%        2d17      1%          4
d - Stone Arrow           Conj/Erth      100%       3d13      0%          3
e - Iron Shot             Conj/Erth      56%        9d11      1%          6

Your spell library contained the following spells:

 Spells                   Type           Power      Damage    Failure   Level
 Ozocubu's Refrigeration  Ice            8%         4d9       99%         7
 Searing Ray              Conj           100%       2d8       0%          2
 Dazzling Flash           Conj/Hex       100%       N/A       1%          3
 Leda's Liquefaction      Hex/Erth       30%        N/A       1%          4
 Petrify                  Tmut/Erth      60%        N/A       1%          4
 Irradiate                Conj/Tmut      43%        3d26      1%          5
 Slow                     Hex            68%        N/A       3%          1
 Blink                    Tloc           34%        N/A       4%          2
 Ensorcelled Hibernation  Hex/Ice        34%        N/A       4%          2
 Sublimation of Blood     Necr           17%        N/A       4%          2
 Call Canine Familiar     Summ           17%        N/A       10%         3
 Confusing Touch          Hex            17%        N/A       10%         3
 Gell's Gravitas          Tloc           17%        N/A       10%         3
 Lesser Beckoning         Tloc           17%        N/A       10%         3
 Portal Projectile        Hex/Tloc       34%        N/A       10%         3
 Spider Form              Tmut/Pois      17%        N/A       10%         3
 Teleport Other           Tloc           17%        N/A       10%         3
 Tukima's Dance           Hex            17%        N/A       10%         3
 Vampiric Draining        Necr           17%        2d7       10%         3
 Anguish                  Hex/Necr       8%         N/A       30%         4
 Blade Hands              Tmut           8%         N/A       65%         5
 Manifold Assault         Tloc           17%        N/A       65%         5
 Storm Form               Tmut/Air       8%         N/A       100%        7


Dungeon Overview and Level Annotations

Branches:
Dungeon (15/15)            Temple (1/1) D:4            Lair (5/5) D:11
  Swamp (2/4) Lair:2       Spider (2/4) Lair:3          Orc (2/2) D:9
    Elf (0/3) Orc:2        Vaults (0/5) D:14         Depths (0/4) D:15
Gauntlet (visited)
  Slime: Lair:4-5

Altars:
Ashenzari
Cheibriados
Fedhas
Gozag
Hepliaklqana
Qazlal
Ru
Sif Muna
Trog
Uskayaw
Vehumet
Wu Jian
Jiyva

Shops:
D:6 *   Orc:2 ?(**

Annotations:
Lair:5 exclusion: oklob plant


Innate Abilities, Weirdness & Mutations

You have claws for hands.
You are partially covered in icy blue scales. (AC +2)
You regenerate a lot of health from kills.
You sometimes gain a little power by taking damage.


Message History

The swamp dragon is knocked back by the mystic blast.
The mystic blast hits the eleionoma!
The eleionoma is almost dead.
The eleionoma is knocked back by the mystic blast.
The eleionoma collides with the swamp dragon!
The swamp dragon is almost dead.
You kill the eleionoma!
Vehumet accepts your kill.
You feel your power returning.
The mystic blast hits the spectral death drake!
The spectral death drake is moderately damaged.
The spectral death drake is knocked back by the mystic blast.
The mystic blast hits the spectral fenstrider witch!
The spectral fenstrider witch is lightly damaged.
The spectral fenstrider witch is knocked back by the mystic blast.
The mystic blast hits the spectral fenstrider witch!!
The spectral fenstrider witch is moderately damaged.
The spectral fenstrider witch is knocked back by the mystic blast.
You are engulfed in spectral mist.
You hear a shout!
You feel your dexterity returning.
You are engulfed in spectral mist.
You focus on the pain.
You feel very mighty all of a sudden.
A spriggan rider comes into view. It is wielding a +0 spear.
You are engulfed in spectral mist.
The spectral fenstrider witch hits you!
You feel drained.
The spectral fenstrider witch kicks you!
* * * LOW HITPOINT WARNING * * *
You focus on the pain.
You feel mightier all of a sudden.
You feel drained.
* * * LOW HITPOINT WARNING * * *
The ghost crab breathes spectral mist at you.
The spectral mist engulfs the spectral death drake but does no damage.
The spectral fenstrider witch hits you!
* * * LOW HITPOINT WARNING * * *
You feel drained.
* * * LOW HITPOINT WARNING * * *
The spectral fenstrider witch kicks you!
You die...

.~~.~♣♣♣~~~♣
....♣~..~~~♣
~$.☼.☼°~~~♣♣
~i☼○°○§~~.♣
♣~~☼~§§~.♣♣♣♣
.♣♣♣○DZ°Z~~§~.~♣♣♣♣
§.~°○○t§°°§~~.~~..♣
~..~~.ZZZ§§~~~..<.♣
~~..~.°@°§§~~~.†♣♣♣
§<.<..~...~....♣♣
..~♣~♣§.<♣♣~.♣♣♣ ♣~
♣♣♣♣♣♣♣♣♣♣♣ ♣


You could see a swamp dragon, a spriggan rider, a ghost crab, a spectral death
drake (summoned), a spectral spriggan air mage (summoned) and 3 spectral
fenstrider witches.

Vanquished Creatures
  Rupert (Orc:2)
  2 orc warlords
  An eleionoma (Swamp:2)
  A spark wasp (Spider:1)
  A minotaur (Gauntlet)
  Snorg (Orc:2)
  A fire dragon (Lair:5)
  The ghost of ioannis32 the Cleaver, a journeyman DsBe of Trog (D:12)
  A great orb of eyes (D:15)
  2 rakshasas (D:15)
  13 hydras
  Erolcha (D:12)
  3 ogre magi (D:15)
  4 boulder beetles
  7 centaur warriors
  2 vault guards (D:14)
  11 two-headed ogres
  An alligator (Swamp:1)
  A tengu warrior (D:15)
  19 death yaks
  Urug (Lair:4)
  4 orc high priests
  Nergalle (Orc:1)
  Sonja (D:11)
  2 pharaoh ants (Spider:1)
  A sun moth (Spider:2)
  A swamp dragon (Swamp:1)
  An orb spider (Spider:1)
  A bog body (Swamp:1)
  2 deep elf pyromancers
  5 wolf spiders
  A lindwurm (Lair:5)
  A necromancer (Gauntlet)
  6 orc sorcerers
  2 cyclopes (D:14)
  4 oklob plants
  A moth of wrath (shapeshifter) (D:15)
  5 ugly things
  6 orc knights
  3 manticores
  2 moths of wrath
  6 black mambas
  An ice statue (Gauntlet)
  Joseph (D:9)
  An eye of devastation (Gauntlet)
  7 cane toads
  3 molten gargoyles (Lair:5)
  2 torpor snails (Lair:5)
  3 gargoyles
  3 demonic crawlers
  2 efreet
  5 rime drakes
  5 freezing wraiths
  15 komodo dragons
  2 tengu conjurers
  5 trolls
  5 polar bears
  3 bloated husks (Swamp:1)
  4 tyrant leeches
  Prince Ribbit (D:7)
  14 slime creatures
  6 tarantellas
  22 blink frogs
  12 jumping spiders
  3 wraiths
  2 water elementals (D:15)
  7 culicivoras
  10 wyverns
  42 yaks
  2 golden eyes (Gauntlet)
  9 humans (D:14)
  10 redbacks
  3 steam dragons
  5 basilisks
  2 wargs (Orc:2)
  3 swamp worms
  9 water moccasins
  4 hell hounds (Lair:5)
  32 orc warriors
  A meliai simulacrum (D:15)
  2 ice beasts (D:7)
  9 ogres
  A sky beast (D:7)
  2 wolves (Lair:4)
  17 centaurs
  2 phantoms (D:7)
  2 kobold brigands
  10 bullfrogs
  2 gnoll sergeants
  3 scorpions
  A necrophage (D:7)
  4 wights (D:9)
  4 howler monkeys
  An electric eel (Lair:4)
  5 lava snakes (Lair:5)
  5 jellies
  A hound (D:6)
  A gnoll bouda (D:5)
  22 orc priests
  5 iguanas
  28 orc wizards
  4 hell rats (Lair:2)
  16 gnolls
  5 adders
  A white imp (D:5)
  A worm (D:2)
  5 dart slugs
  59 orcs
  8 ball pythons
  4 endoplasms
  4 hobgoblins
  4 jackals (D:3)
  16 kobolds
  5 quokkas
  3 bats (D:1)
  6 frilled lizards
  6 goblins
  4 rats
675 creatures vanquished.

Vanquished Creatures (collateral kills)
  An orc knight (Orc:1)
  An orc sorcerer (Orc:1)
  2 orc warriors (Orc:1)
4 creatures vanquished.

Vanquished Creatures (others)
  The ghost of protoss039 the Fighter, a journeyman DsEE of Vehumet (D:12)
  A vault guard (D:14)
  A will-o-the-wisp (Swamp:1)
  2 foxfires (Swamp:1)
  153 fulminant prisms
  13 fungi
  30 plants
  6 withered plants (D:12)
207 creatures vanquished.

Grand Total: 886 creatures vanquished

Notes
Turn   | Place    | Note
-------+----------+-------------------------------------------
     0 | D:1      | vishdafish the Demonspawn Conjurer began the quest for the
                  | Orb.
     0 | D:1      | Reached XP level 1. HP: 13/13 MP: 3/3
   236 | D:1      | Gained mutation: You regenerate a little health from kills.
                  | [demonic ancestry]
   236 | D:1      | Reached XP level 2. HP: 19/19 MP: 0/5
   632 | D:1      | Found a faded altar of an unknown god.
  1132 | D:2      | Reached XP level 3. HP: 24/24 MP: 0/7
  2130 | D:3      | Reached XP level 4. HP: 30/30 MP: 2/8
  2546 | D:3      | Reached skill level 5 in Conjurations
  2717 | D:4      | Found a staircase to the Ecumenical Temple.
  2736 | D:4      | Noticed an ogre
  2740 | Temple   | Entered the Ecumenical Temple
  2788 | Temple   | Became a worshipper of Vehumet
  2832 | D:4      | Learned a level 4 spell: Fulminant Prism
  2837 | D:4      | Learned a level 4 spell: Iskenderun's Mystic Blast
  3078 | D:4      | Noticed a lemure
  3079 | D:4      | Noticed a lemure
  3079 | D:4      | Noticed a lemure
  3099 | D:5      | Entered Level 5 of the Dungeon
  3206 | D:5      | Noticed a scorpion
  3213 | D:5      | Killed a scorpion
  3214 | D:5      | Reached XP level 5. HP: 35/35 MP: 0/10
  3564 | D:5      | Reached XP level 6. HP: 20/41 MP: 1/12
  3966 | D:5      | Reached skill level 6 in Conjurations
  4543 | D:6      | Found Duvexaonty's Assorted Antiques.
  4549 | D:6      | Reached skill level 5 in Spellcasting
  4592 | D:6      | Bought a fuming amethyst potion for 24 gold pieces
  4592 | D:6      | Bought a sedimented yellow potion for 24 gold pieces
  4766 | D:6      | Gained mutation: You regenerate health from kills. [demonic
                  | ancestry]
  4766 | D:6      | Reached XP level 7. HP: 20/46 MP: 5/14
  5389 | D:6      | Reached skill level 7 in Conjurations
  6349 | D:7      | Gained mutation: You are partially covered in icy blue
                  | scales. (AC +2) [demonic ancestry]
  6349 | D:7      | Reached XP level 8. HP: 52/52 MP: 12/17
  6574 | D:7      | Noticed Prince Ribbit
  6704 | D:7      | Killed Prince Ribbit
  6705 | D:7      | Reached skill level 8 in Conjurations
  6899 | D:7      | Reached * piety under Vehumet
  6899 | D:7      | Offered knowledge of Sandblast by Vehumet.
  7464 | D:8      | Reached skill level 9 in Conjurations
  7624 | D:8      | Gained mutation: You have sharp fingernails. [demonic
                  | ancestry]
  7624 | D:8      | Reached XP level 9. HP: 43/57 MP: 3/20
  8414 | D:8      | Noticed a two-headed ogre
  8458 | D:8      | Killed a two-headed ogre
  8459 | D:8      | Reached skill level 10 in Conjurations
  9112 | D:9      | Reached ** piety under Vehumet
  9112 | D:9      | Offered knowledge of Static Discharge by Vehumet.
  9436 | D:9      | Noticed a troll
  9446 | D:9      | Killed a troll
  9463 | D:9      | Reached skill level 11 in Conjurations
  9547 | D:9      | Reached XP level 10. HP: 53/63 MP: 21/23
  9747 | D:9      | Noticed a two-headed ogre
  9756 | D:9      | Killed a two-headed ogre
  9757 | D:9      | Reached skill level 10 in Spellcasting
  9760 | D:9      | Noticed Joseph
  9766 | D:9      | Killed Joseph
  9837 | D:9      | Offered knowledge of Stone Arrow by Vehumet.
 10347 | D:9      | Found a staircase to the Orcish Mines.
 10594 | D:10     | Entered Level 10 of the Dungeon
 10697 | D:10     | Identified the +1 chain mail of the Maze {Dex+2}
 10764 | D:10     | Noticed a gargoyle
 10773 | D:10     | Killed a gargoyle
 10774 | D:10     | Reached skill level 12 in Conjurations
 10900 | D:10     | Learned a level 3 spell: Stone Arrow
 10910 | D:10     | Reached *** piety under Vehumet
 10976 | D:10     | Noticed a manticore
 10982 | D:10     | Killed a manticore
 10983 | D:10     | Reached skill level 1 in Earth Magic
 11525 | D:10     | Noticed a gargoyle
 11536 | D:10     | Killed a gargoyle
 11683 | D:10     | Found a hazy altar of Hepliaklqana.
 12060 | D:10     | Found a sacrificial altar of Ru.
 12274 | D:11     | Noticed a gargoyle
 12285 | D:11     | Killed a gargoyle
 12295 | D:11     | Gained mutation: You sometimes gain a little power by
                  | taking damage. [demonic ancestry]
 12295 | D:11     | Reached XP level 11. HP: 60/68 MP: 17/26
 12546 | D:11     | Found a staircase to the Lair.
 12548 | D:11     | Noticed a death yak
 12549 | D:11     | Noticed a four-headed hydra
 12566 | D:11     | Killed a four-headed hydra
 12656 | D:11     | Noticed Sonja
 12662 | D:11     | Killed Sonja
 12665 | D:11     | Noticed a death yak
 12665 | D:11     | Noticed a death yak
 12666 | D:11     | Noticed a death yak
 12666 | D:11     | Noticed a death yak
 12666 | D:11     | Noticed a death yak
 12666 | D:11     | Noticed a death yak
 12667 | D:11     | Noticed a death yak
 12671 | D:11     | Killed a death yak
 12672 | D:11     | Reached skill level 13 in Conjurations
 13010 | Orc:1    | Entered Level 1 of the Orcish Mines
 13015 | Orc:1    | Offered knowledge of Airstrike by Vehumet.
 13020 | Orc:1    | Noticed an orc warlord
 13039 | D:9      | Killed an orc warlord
 13040 | D:9      | Reached skill level 5 in Earth Magic
 13342 | Orc:1    | Noticed an orc sorcerer
 13350 | Orc:1    | Noticed an orc warlord
 13361 | Orc:1    | Noticed Nergalle
 13363 | Orc:1    | Reached **** piety under Vehumet
 13365 | Orc:1    | Noticed an orc knight
 13378 | Orc:1    | Killed an orc sorcerer
 13380 | Orc:1    | Killed an orc warlord
 13385 | Orc:1    | Noticed an orc knight
 13389 | Orc:1    | Noticed an orc sorcerer
 13390 | Orc:1    | Killed an orc knight
 13390 | Orc:1    | Offered knowledge of Frozen Ramparts by Vehumet.
 13392 | Orc:1    | Reached skill level 14 in Conjurations
 13395 | Orc:1    | Killed Nergalle
 13396 | Orc:1    | Killed an orc sorcerer
 13397 | Orc:1    | Gained mutation: You have very sharp fingernails. [demonic
                  | ancestry]
 13397 | Orc:1    | Reached XP level 12. HP: 18/74 MP: 9/27
 13653 | Orc:1    | Noticed an orc high priest
 13660 | Orc:1    | Killed an orc high priest
 13728 | Orc:1    | Identified the +6 dagger of Defence by Offence {pain, rElec
                  | Str+4 Dex+4}
 13802 | Orc:2    | Entered Level 2 of the Orcish Mines
 14018 | Orc:2    | Found a staircase to the Elven Halls.
 14044 | Orc:2    | Noticed Rupert
 14049 | Orc:2    | Paralysed by Rupert for 4 turns
 14061 | Orc:2    | Killed Rupert
 14536 | Orc:2    | Noticed a two-headed ogre
 14539 | Orc:2    | Killed a two-headed ogre
 14543 | Orc:2    | Noticed Snorg
 14552 | Orc:2    | Killed Snorg
 14552 | Orc:2    | Reached ***** piety under Vehumet
 14553 | Orc:2    | Reached skill level 15 in Conjurations
 14722 | Orc:2    | Noticed an orc high priest
 14726 | Orc:2    | Killed an orc high priest
 14731 | Orc:2    | Offered knowledge of Irradiate by Vehumet.
 14816 | Orc:2    | Noticed an orc high priest
 14823 | Orc:2    | Killed an orc high priest
 15092 | Orc:2    | Noticed an orc high priest
 15120 | Orc:2    | Killed an orc high priest
 15279 | Orc:2    | Gained mutation: You regenerate a lot of health from kills.
                  | [demonic ancestry]
 15279 | Orc:2    | Reached XP level 13. HP: 77/79 MP: 7/28
 15411 | Orc:2    | Found Juxiliz's Assorted Antiques.
 15411 | Orc:2    | Found Xefa's Magic Scroll Shop.
 15412 | Orc:2    | Found Illiam's General Store.
 15412 | Orc:2    | Found Vounec's Weapon Shoppe.
 15419 | Orc:2    | Bought 2 dark potions for 45 gold pieces
 15419 | Orc:2    | Bought a fuming amethyst potion for 22 gold pieces
 15419 | Orc:2    | Bought 2 blue potions for 45 gold pieces
 15419 | Orc:2    | Bought a scroll labelled UBIXIBL JASTOSTRIA for 25 gold
                  | pieces
 15419 | Orc:2    | Bought a scroll of teleportation for 75 gold pieces
 15432 | Orc:2    | Bought a scroll of butterflies for 48 gold pieces
 15432 | Orc:2    | Bought a scroll of fear for 48 gold pieces
 15781 | D:11     | Reached skill level 10 in Earth Magic
 15794 | D:11     | Reached skill level 16 in Conjurations
 16077 | Lair:1   | Entered Level 1 of the Lair of Beasts
 17115 | Lair:2   | Found a staircase to the Swamp.
 17829 | Lair:3   | Offered knowledge of Iron Shot by Vehumet.
 17830 | Lair:3   | Reached skill level 17 in Conjurations
 17838 | Lair:3   | Learned a level 6 spell: Iron Shot
 18061 | Lair:3   | Found a gate leading to a gauntlet.
 18069 | Gauntlet | Entered a Gauntlet
 18069 | Gauntlet | Found a transporter.
 18076 | Gauntlet | Found a transporter.
 18078 | Gauntlet | Found a transporter.
 18090 | Gauntlet | Found a transporter.
 18091 | Gauntlet | Found a transporter.
 18100 | Gauntlet | Found a transporter.
 18116 | Gauntlet | Found a transporter.
 18126 | Gauntlet | Found a transporter.
 18136 | Gauntlet | Found a transporter.
 18151 | Gauntlet | Found a transporter.
 18166 | Gauntlet | Found a transporter.
 18166 | Gauntlet | Found a transporter.
 18215 | Gauntlet | Found a transporter.
 18315 | Gauntlet | Identified the +2 helmet of the Skies Above {+Inv Will++
                  | Str-5 Int+2}
 18342 | Gauntlet | Identified the ring "Amumur" {Wiz rC+ Dex+4}
 18342 | Gauntlet | Noticed a minotaur
 18344 | Gauntlet | Killed a minotaur
 18345 | Gauntlet | Gained mutation: You have claws for hands. [demonic
                  | ancestry]
 18345 | Gauntlet | Reached XP level 14. HP: 69/85 MP: 29/29
 18354 | Gauntlet | Identified the +10 chain mail of Pride {rPois Will+ rCorr}
 18593 | Lair:3   | Found a hole to the Spider Nest.
 19398 | Lair:4   | Reached skill level 18 in Conjurations
 19946 | Lair:4   | Noticed Urug
 19950 | Lair:4   | Killed Urug
 20299 | Lair:5   | Entered Level 5 of the Lair of Beasts
 20715 | Lair:5   | Found a viscous altar of Jiyva.
 21666 | Lair:5   | Found a large runed translucent door.
 21667 | Lair:5   | Found a large runed translucent door.
 22212 | D:12     | Noticed Erolcha
 22214 | D:12     | Killed Erolcha
 22215 | D:12     | Reached skill level 19 in Conjurations
 22215 | D:12     | Reached XP level 15. HP: 90/90 MP: 30/30
 22365 | D:12     | Reached ****** piety under Vehumet
 22429 | D:12     | Found a broken altar of Ashenzari.
 22551 | D:12     | Found a runed translucent gate.
 22551 | D:12     | Found a runed translucent gate.
 22551 | D:12     | Found a runed translucent gate.
 22551 | D:12     | Noticed ioannis32's ghost (journeyman DsBe)
 22552 | D:12     | Noticed protoss039's ghost (journeyman DsEE)
 22629 | D:12     | Identified a scroll of acquirement
 22675 | D:12     | Acquired 723 gold pieces
 22908 | D:12     | Killed ioannis32's ghost
 22912 | D:12     | Killed protoss039's ghost
 23429 | D:13     | Offered knowledge of Lee's Rapid Deconstruction by Vehumet.
 23614 | D:13     | Identified the +11 mace "Killer Bee's Curse" {drain, rN+}
 24255 | D:14     | Identified the +0 plate armour "Zuthoamp" {rN+ Str+4 Int+2}
 24257 | D:14     | Identified the +10 quarterstaff of Instinct {protect, rPois
                  | rC- Dex+3}
 24414 | D:14     | Reached skill level 15 in Earth Magic
 24756 | D:14     | Found a gate to the Vaults.
 24834 | D:15     | Entered Level 15 of the Dungeon
 24997 | D:15     | Reached skill level 20 in Conjurations
 25877 | D:15     | Offered knowledge of Ozocubu's Refrigeration by Vehumet.
 26099 | D:15     | Found a staircase to the Depths.
 26346 | Spider:1 | Entered Level 1 of the Spider Nest
 26355 | Spider:1 | Reached XP level 16. HP: 96/96 MP: 29/31
 27642 | Swamp:1  | Entered Level 1 of the Swamp
 28300 | Swamp:2  | Slain by a spectral fenstrider witch

Illustrated notes

Levels and vault maps discovered:
D:1:      lemuel_arrival_funnel, layout_loops_cross,
          hellmonk_ecumenical_altar_heavens_door
D:2:      layout_basic
D:3:      layout_basic
D:4:      layout_basic, chequers_temple_overflow_minitemple,
          minmay_temple_entry_junction_2, serial_shops, nicolae_shop_waterfront,
          uniq_ijyb, uniq_menkaure, uniq_pikel
D:5:      layout_basic, overflow_temple_1_default
D:6:      layout_basic, serial_shops, nicolae_square_shop
D:7:      layout_basic, hangedman_decor_diamond_cutter, lightli_minifort,
          uniq_prince_ribbit1
D:8:      layout_gridville, st_stairs_11, minmay_misc_feat_pillars
D:9:      layout_small_grid, kennysheep_mini, david_orc_4, uniq_joseph
D:10:     layout_stronghold, general_overflow_altar,
          mainiacjoe_overflow_alcove_2
D:11:     layout_rooms, dpeg_lair_monsters, amethyst_killhole, uniq_sonja
D:12:     layout_irregular_city, gammafunk_ghost_cemetery, ashenzari_altar_1,
          uniq_erolcha
D:13:     layout_basic
D:14:     layout_cave_pools, ximxim_vaults_locker_room, hangedman_decor_push
D:15:     gammafunk_enter_depths_forms, layout_cave_pools,
          small_statue_intersection, serial_bayou, serial_bayou_pond_c,
          serial_bayou_pond_d, serial_bayou_shore_b, serial_bayou_shore_a,
          serial_bayou_pond_a, minmay_mirror_moons_of_madness
Temple:   nicolae_temple_superstar
Lair:1:   layout_gridlike
Lair:2:   layout_cave_pods, swamp_mist, grunt_megastairs_1
Lair:3:   minmay_lair_oklob_chamber, layout_cave_pods,
          nicolae_spider_entry_tight_spaces, gauntlet_entry_generic,
          grunt_megastairs_5
Lair:4:   layout_big_grid, wad_woods_river_01, grunt_megastairs_3, uniq_urug
Lair:5:   cheibrodos_lair_end_hotspot, layout_regular_city,
          minmay_slime_entry_oklob_enclosed
Swamp:1:  layout_basic_swamp, hangedman_swamp_ruin_wall, swamp_pool1,
          nicolae_swamp_super_fun_site, infiniplex_staircase_pool
Swamp:2:  layout_basic_swamp, evilmike_swamp_ruin_rubble_2, uniq_nikola
Spider:1: layout_cave_pods
Spider:2: layout_spider_delve, drop_trap, nicolae_spider_jagged_tunnels
Orc:1:    orc_temple, layout_caves, roderic_batcave, uniq_nergalle
Orc:2:    st_orc_elflike, layout_diamond_mine, uniq_snorg, uniq_rupert

Skill      XL: |  1  2  3  4  5  6  7  8  9 10 11 12 13 14 15 16 |
---------------+-------------------------------------------------+-----
Spellcasting   | 3 4 5 6 7 9 11 | 11.9
Conjurations   | 5 6 7 9 11 12 14 15 17 19 20 | 20.5
Earth Magic    | 2 7 9 12 14 15 16 | 16.5
Dodging        | |  1.7
Stealth        | |  1.7

Action                   |  1- 3 |  4- 6 |  7- 9 | 10-12 | 13-15 | 16-18 || total
-------------------------+-------+-------+-------+-------+-------+-------++-------
Melee: Dagger            |     9 |     3 |       |       |       |       ||    12
       Mace              |       |     6 |     5 |       |       |       ||    11
       Staff             |       |       |    18 |     7 |     9 |       ||    34
       Long sword        |       |       |    34 |     9 |       |       ||    43
       Punch             |       |       |     2 |       |       |       ||     2
Throw: Throwing net      |       |       |       |     1 |       |       ||     1
 Cast: Magic Dart        |    89 |    92 |   155 |       |       |       ||   336
       Fulminant Prism   |       |     9 |    33 |    72 |    38 |     1 ||   153
       Iskenderun's Myst |       |     1 |    28 |    25 |    46 |     8 ||   108
       Stone Arrow       |       |       |       |   181 |   123 |       ||   304
       Iron Shot         |       |       |       |       |   287 |    82 ||   369
Evoke: Wand              |       |       |     1 |     2 |       |     2 ||     5
  Use: Potion            |       |     1 |     3 |     3 |     1 |       ||     8
       Scroll            |       |     2 |     9 |     9 |    13 |     2 ||    35
Armor: Robe              |     5 |     1 |    15 |     3 |    13 |     5 ||    42
       Steam dragon scal |       |       |    19 |    11 |       |       ||    30
Dodge: Dodged            |    17 |    26 |    66 |    58 |    58 |     7 ||   232
Block: Other             |       |       |    10 |    21 |       |       ||    31
       Reflection        |       |       |     3 |     4 |       |       ||     7
